 Dungeon Crawl Stone Soup version 0.21.1-1-g345015f (webtiles) character file.

135 Opti87 the Chopper (level 5, -3/47 HPs)
             Began as a Hill Orc Monk on May 17, 2018.
             Was a Believer of Beogh.
             Slain by a gnoll sergeant
             ... wielding a +3 spear of flaming
              (4 damage)
             ... on level 3 of the Dungeon.
             The game lasted 00:13:23 (4405 turns).

Opti87 the Chopper (Hill Orc Monk)                  Turns: 4405, Time: 00:13:24

Health: -3/47      AC: 13    Str: 17    XL:     5   Next: 18%
Magic:  5/5        EV:  6    Int: 10    God:    Beogh [**....]
Gold:   119        SH:  0    Dex: 13    Spells: 4/4 levels left

rFire    . . .     SeeInvis .   a - +0 hand axe
rCold    . . .     Gourm    .   (no shield)
rNeg     . . .     Faith    .   p - +0 plate armour
rPois    .         Spirit   .   (no helmet)
rElec    .         Reflect  .   u - +1 cloak
rCorr    .         Harm     .   (no gloves)
MR       +....     Rnd*Rage +   (no boots)
Stlth    ..........             (no amulet)
HPRegen  0.15/turn              (no ring)
MPRegen  0.09/turn              (no ring)

@: no status effects
A: berserk 1, blink, magic resistance 1, strong 1
a: Blink, Smiting, Renounce Religion


You were on level 3 of the Dungeon.
You worshipped Beogh.
Beogh was pleased with you.
You were not hungry.

You visited 1 branch of the dungeon, and saw 3 of its levels.

You collected 119 gold pieces.

Inventory:

Hand Weapons
 a - a +0 hand axe (weapon)
Armour
 b - a +0 robe
 o - a +0 ring mail
 p - a +0 plate armour (worn)
 u - a +1 cloak (worn)
Jewellery
 k - an uncursed ring of magical power {unknown}
 l - an uncursed amulet of regeneration {unknown}
Scrolls
 d - 2 scrolls of identify {unknown}
 e - a scroll of random uselessness {unknown}
 f - a scroll of noise {unknown}
 g - 4 scrolls of amnesia {unknown}
 h - 2 scrolls of enchant weapon {unknown}
 j - 2 scrolls of magic mapping {unknown}
 m - 2 scrolls of fear {unknown}
 n - 3 scrolls of fog {unknown}
 q - a scroll of blinking {unknown}
 s - a scroll of remove curse {unknown}
Potions
 i - 2 potions of mutation
 t - a potion of heal wounds {unknown}
Books
 r - a book of Misfortune

   Spells                             Type                      Level
   a - Confusing Touch                Hexes                        1
   b - Confuse                        Hexes                        3
   c - Gell's Gravitas                Translocation                3
   d - Petrify                        Transmutation/Earth          4
   e - Metabolic Englaciation         Hexes/Ice                    5
   f - Yara's Violent Unravelling     Hexes/Transmutation          5
Comestibles
 c - 4 rations


   Skills:
 + Level 4.9 Fighting
 + Level 5.5 Axes
 + Level 2.7 Armour
 - Level 2.4 Dodging
 - Level 1.5 Stealth


You had 4 spell levels left.
You didn't know any spells.

Dungeon Overview and Level Annotations

Branches:
Dungeon (3/15)

Altars:
Cheibriados
Trog
Zin

Annotations:
D:2 exclusion: downstairs
D:3 exclusions: gnoll sergeant and upstairs


Innate Abilities, Weirdness & Mutations

You tend to lose your temper in combat.
You can translocate small distances at will.
You are resistant to hostile enchantments. (MR+)
Your muscles are strong. (Str +2)


Message History

The gnoll sergeant is heavily wounded.
The gnoll sergeant hits you but does no damage.
The gnoll sergeant blocks your attack.
The gnoll sergeant is heavily wounded.
The gnoll sergeant hits you with a spear of flaming.
* * * LOW HITPOINT WARNING * * *
The gnoll sergeant burns you.
* * * LOW HITPOINT WARNING * * *
You hit the gnoll sergeant but do no damage.
The gnoll sergeant is heavily wounded.
The gnoll sergeant hits you but does no damage.
Your plate armour prevents you from hitting the gnoll sergeant.
The gnoll sergeant is heavily wounded.
The gnoll sergeant hits you but does no damage.
The gnoll sergeant blocks your attack.
The gnoll sergeant is heavily wounded.
The gnoll sergeant hits you with a spear of flaming!
* * * LOW HITPOINT WARNING * * *
The gnoll sergeant burns you.
You die...

.o.....(............
######.(..##).####
#.((.).)## ...
#####..(.#### ....
...>......### ...#
########......# ...
..##.......#.# #..
#.##.##g...#.####
#.###.#..##@...#....#
#...(...).......###.#
###(.#)####...#..##.#
##..##...##...##.##.##
#..####..##...##.##..#
#.## #.......##.###.#
%.# #.# ##.###..##.#
#.### ..####.# ##..#
##....# #...# ..##...#
#.>## #._..#####.#


You could see a gnoll sergeant.

Vanquished Creatures
  2 gnolls
  3 adders
  5 worms
  A dart slug (D:1)
  12 orcs
  2 giant cockroaches
  4 goblins
  10 hobgoblins
  4 bats
  5 frilled lizards
  5 kobolds
  11 rats
64 creatures vanquished.

Vanquished Creatures (others)
  An orc priest (D:3)
  A gnoll (D:3)
  An orc (D:3)
3 creatures vanquished.

Grand Total: 67 creatures vanquished

Notes
Turn   | Place    | Note
-------+----------+-------------------------------------------
     0 | D:1      | Opti87 the Hill Orc Monk began the quest for the Orb.
     0 | D:1      | Reached XP level 1. HP: 19/19 MP: 1/1
   368 | D:1      | Reached XP level 2. HP: 15/27 MP: 2/2
   569 | D:1      | Reached skill level 1 in Armour
  1224 | D:2      | Found a glowing silver altar of Zin.
  1249 | D:2      | Reached XP level 3. HP: 3/33 MP: 3/3
  1563 | D:2      | Gained mutation: You are resistant to hostile enchantments. (MR+) [potion of mutation]
  1563 | D:2      | Gained mutation: You can translocate small distances at will. [potion of mutation]
  1563 | D:2      | Gained mutation: You tend to lose your temper in combat. [potion of mutation]
  1563 | D:2      | Gained mutation: Your muscles are strong. (Str +2) [potion of mutation]
  2689 | D:2      | Reached skill level 5 in Axes
  2689 | D:2      | Reached XP level 4. HP: 31/41 MP: 4/4
  2834 | D:2      | HP: 3/61 [orc/hand axe (2)]
  3202 | D:3      | Noticed a gnoll sergeant
  3611 | D:3      | Found a snail-covered altar of Cheibriados.
  3679 | D:3      | Became a worshipper of Beogh the Brigand
  3679 | D:3      | Reached * piety under Beogh
  3679 | D:3      | Reached ** piety under Beogh
  3824 | D:3      | Reached XP level 5. HP: 44/47 MP: 5/5
  4000 | D:3      | Noticed a moth of wrath
  4003 | D:3      | Found a bloodstained altar of Trog.
  4405 | D:3      | HP: 1/47 [gnoll sergeant/spear of flaming (8)]
  4405 | D:3      | Slain by a gnoll sergeant

Skill      XL: |  1  2  3 |
---------------+----------+-----
Armour         | 1 2 |  2.7
Fighting       | 4 |  4.9
Axes           | 5 |  5.5
Dodging        | |  2.4
Stealth        | |  1.5

Action                   |  1- 3 |  4- 6 || total
-------------------------+-------+-------++-------
Melee: Hand axe          |   159 |   157 ||   316
Invok: Convert to Beogh  |       |     1 ||     1
 Abil: Blink             |       |     1 ||     1
  Use: Potion            |     2 |     4 ||     6
 Stab: Sleeping          |     3 |       ||     3
  Eat: Chunk             |     5 |     1 ||     6
       Ration            |       |     2 ||     2
Armor: Robe              |    13 |       ||    13
       Ring mail         |    20 |       ||    20
       Skin              |    11 |    32 ||    43
       Plate armour      |    10 |   105 ||   115
Dodge: Dodged            |   101 |    45 ||   146
